 Dungeon Crawl Stone Soup version 0.31-a0-691-g409c26aa35 (webtiles) character file.

Game seed: 15697073764961159556

6011 jlumianski the Grappler (level 10, -6/77 HPs)
             Began as a Demonspawn Fighter on Sept 7, 2023.
             Was a Follower of Wu Jian.
             Hit by a javelin thrown by Urug (14 damage)
             ... on level 10 of the Dungeon.
             The game lasted 00:44:48 (10090 turns).

jlumianski the Grappler (Demonspawn Fighter)       Turns: 10090, Time: 00:44:49

Health: -6/77      AC: 10    Str: 19    XL:     10   Next: 56%
Magic:  0/10       EV: 19    Int: 14    God:    Wu Jian [*.....]
Gold:   868        SH:  0    Dex: 12    Spells: 9/9 levels left

rFire   + + .        t - melded +7 Throatcutter {drain, coup de grace}
rCold   + + .        (shield currently unavailable)
rNeg    + + +        Q - melded +0 plate armour
rPois   ∞            u - melded +0 helmet
rElec   +            (cloak currently unavailable)
rCorr   +            (gloves currently unavailable)
SInv    .            (boots currently unavailable)
Will    +....        l - melded amulet of reflection
Stlth   +            P - melded +6 ring of strength
HPRegen 0.32/turn    (ring currently unavailable)
MPRegen 0.24/turn

%: guardian spirit
@: wisp-form (expiring), enlightened, flying
A: insubstantial, flying, no casting, tiny, (claws 2), foul stench 1, magic
shield, magic regeneration, (sanguine armour 2), clever 1, screaming 1
a: Renounce Religion


You were on level 10 of the Dungeon.
You worshipped Wu Jian.
Wu Jian was aware of your devotion.
You were an insubstantial wisp.
You visited 2 branches of the dungeon, and saw 11 of its levels.
You also visited: Ossuary.

You collected 868 gold pieces.

Inventory:

Hand Weapons
 a - a +1 war axe
 t - the +7 Throatcutter (melded) {drain, coup de grace}
   (You found it on level 7 of the Dungeon)
 F - a +1 vampiric spear
Missiles
 e - 9 silver javelins
 k - 84 stones
 n - 46 poisoned darts
 r - 13 boomerangs
 K - 2 curare-tipped darts
 R - 4 throwing nets
Armour
 b - a +0 scale mail
 c - a +0 buckler
 d - a +0 chain mail
 f - a +0 helmet
 u - a +0 helmet (melded)
 y - a +0 cloak
 E - a +0 pair of boots
 G - a +0 pair of gloves
 N - a scarf of repulsion
 Q - a +0 plate armour (melded)
Jewellery
 l - an amulet of reflection (melded)
 P - a +6 ring of strength (melded)
Talismans
 h - a beast talisman
 j - a flux talisman
 O - a blade talisman
Wands
 v - a wand of charming (2)
 x - a wand of quicksilver (5)
 I - a wand of flame (44)
Scrolls
 g - 2 scrolls of poison
 s - 3 scrolls of noise
 w - a scroll of vulnerability
 D - 2 scrolls of fog
 J - 2 scrolls of teleportation
 L - a scroll of revelation
 M - 3 scrolls of identify
Potions
 i - a potion of invisibility
 m - 2 potions of brilliance
 o - 2 potions of curing
 p - a potion of haste
 q - a potion of enlightenment
 z - a potion of cancellation
 A - a potion of might
 B - 2 potions of magic
 C - a potion of ambrosia
 H - 2 potions of attraction


   Skills:
 * Level 6.5 Fighting
 * Level 4.1 Long Blades
 - Level 3.9 Axes
 + Level 1.1 Throwing
 + Level 7.1 Armour
 + Level 2.6 Dodging
 + Level 0.3 Stealth
 - Level 3.1 Shields
 - Level 8.2 Unarmed Combat
 + Level 0.8 Evocations
 * Level 4.6 Shapeshifting


You had 9 spell levels left.
You didn't know any spells.
Your spell library contained the following spells:

 Spells                   Type           Power      Damage    Failure   Level
 Kiss of Death            Conj/Necr      0%         2d5       28%         1
 Summon Small Mammal      Summ           0%         N/A       28%         1
 Scorch                   Fire           0%         2d5       41%         2
 Static Discharge         Conj/Air       0%         2-2/arc   41%         2
 Sublimation of Blood     Necr           0%         N/A       41%         2
 Call Canine Familiar     Summ           0%         N/A       65%         3
 Confusing Touch          Hex            0%         N/A       65%         3
 Summon Guardian Golem    Hex/Summ       0%         N/A       65%         3
 Airstrike                Air            0%         2d(0-16)  96%         4
 Dispel Undead            Necr           0%         3d6       96%         4
 Flame Wave               Conj/Fire      0%         2d4       96%         4
 Petrify                  Tmut/Erth      0%         N/A       96%         4
 Summon Lightning Spire   Summ/Air       0%         N/A       96%         4
 Irradiate                Conj/Tmut      0%         3d11      100%        5
 Summon Forest            Summ/Tloc      0%         N/A       100%        5
 Eringya's Noxious Bog    Tmut/Pois      0%         4d6       100%        6
 Summon Cactus Giant      Summ           0%         N/A       100%        6
 Summon Hydra             Summ           0%         N/A       100%        7


Dungeon Overview and Level Annotations

Branches:
Dungeon (10/15)            Temple (1/1) D:6         Ossuary (visited)
   Lair: D:8-11         Orc: D:9-12

Altars:
Ashenzari
Cheibriados
Dithmenos
Fedhas
Gozag
Hepliaklqana
Kikubaaqudgha
Makhleb
Nemelex Xobeh
Okawaru
Qazlal
Ru
Sif Muna
Trog
Uskayaw
Vehumet
Wu Jian
Xom
Yredelemnul
Ignis
Jiyva
Lugonu

Portals:
Abyss: D:4

Annotations:
D:4 2 transporters, Menkaure; rvierbuc's ghost, amateur DsCA
D:10 Urug


Innate Abilities, Weirdness & Mutations

You are an insubstantial wisp.
Your tiny insubstantial body is highly resistant to most damage types.
You are flying.
Your equipment is entirely melded.
You are incapable of wielding weapons or throwing items.
You cannot cast spells.
((You have very sharp fingernails.))
You may rarely emit foul miasma when damaged in melee.
When hurt, damage is shared between your health and your magic reserves.
You regenerate magic rapidly.
((When seriously injured, your blood forms thick armour. (AC +0)))
Your mind is acute. (Int +4, Str/Dex -1)
You occasionally shout uncontrollably at your foes.


Message History

You feel better.
Urug hits you with a +1 demon trident of venom!
* * * LOW HITPOINT WARNING * * *
You are poisoned.
Okay, then.
You feel very sick. Urug hits you but does no damage.
You are more poisoned.
You lunge at Urug.
You slash Urug!
Urug is moderately wounded.
* * * LOW HITPOINT WARNING * * *
You feel very sick.
Urug zaps a wand.
Your transformation has ended.
Your +0 helmet unmelds from your body.
You turn into an insubstantial wisp.
The +7 Throatcutter {drain, coup de grace} melds into your body.
Your +0 helmet melds into your body.
Your +0 plate armour melds into your body.
Your +6 ring of strength melds into your body.
Your amulet of reflection melds into your body.
You feel weaker.
You feel more buoyant.
Your blood armour dries and flakes away.
Urug closely misses you.
You feel better.
Urug hits you with a +1 demon trident of venom.
* * * LOW HITPOINT WARNING * * *
Unknown command.
Urug hits you from afar with a +1 demon trident of venom!
* * * LOW HITPOINT WARNING * * *
Urug attacks as she pursues you! Urug completely misses you.
There is an open door here.
Urug attacks as she pursues you! Urug misses you.
Your transformation is almost over.
Urug throws a javelin.
The javelin misses you.
Urug throws a javelin.
The javelin closely misses you.
Okay, then.
Urug throws a javelin.
The javelin pierces through you!!
You die...
Urug screams, "Revenge at last!"

#. #..#######...###.#####)#.#
#.##~~...........# #)#.#
###...~...~~...~.o### #.#.#
≈≈≈≈≈~≈.~~~~~~~~≈≈≈≈## #.#.#
#≈≈≈~~~~~≈.~~~~≈≈≈≈≈######...#
##..~.~..~~...~..##≈##.......#
#...~....~~...~...#≈≈####.#.##
#####~.....~.~~...# ## ###.#
#........#####.v.## #.#
#.#####..# ##+## #.# #.#
#....# #.# #.# #.###.##.# #.#
#.# #........# ###.## #.#
#.<......# #....## #.#
##.##.##.####.....#########.#
#.##...........#...........#
#.#####.######..############


You could see Urug (drained).

Vanquished Creatures
  4 kobold demonologists (D:6)
  Prince Ribbit (D:5)
  Grinder (D:4)
  Sigmund (D:4)
  10 yaks
  2 wyverns
  An acid dragon (D:9)
  A water moccasin (D:7)
  Duvessa (D:7)
  An orc warrior (D:10)
  2 black bears (D:5)
  2 ogres
  7 kobold brigands
  A gnoll sergeant (D:9)
  3 scorpions
  5 wights
  Dowan (D:7)
  6 killer bees
  A lava snake (D:7)
  2 howler monkeys (D:8)
  3 jellies
  A gnoll bouda (D:5)
  A hound (D:4)
  2 orc priests
  A sleepcap (D:6)
  An orc wizard (D:5)
  4 mummies (Ossuary)
  9 adders
  11 gnolls
  2 ufetubi
  3 worms
  A dart slug (D:3)
  17 orcs
  7 endoplasms
  3 giant cockroaches
  2 goblins
  6 hobgoblins
  3 jackals (D:4)
  3 ball pythons
  5 bats
  5 frilled lizards
  A gnoll zombie (Ossuary)
  A hobgoblin zombie (Ossuary)
  18 kobolds
  5 kobold zombies (Ossuary)
  7 rats
175 creatures vanquished.

Vanquished Creatures (collateral kills)
  3 mummies (Ossuary)
  2 orcs (D:3)
  An orc zombie (Ossuary)
6 creatures vanquished.

Vanquished Creatures (others)
  A kobold demonologist (D:7)
  A mummy (Ossuary)
  An orc (D:3)
3 creatures vanquished.

Grand Total: 184 creatures vanquished

Notes
Turn   | Place    | Note
-------+----------+-------------------------------------------
     0 | D:1      | jlumianski the Demonspawn Fighter began the quest for the
                  | Orb.
     0 | D:1      | Reached XP level 1. HP: 18/18 MP: 1/1
   240 | D:1      | Gained mutation: You have sharp fingernails. [demonic
                  | ancestry]
   240 | D:1      | Reached XP level 2. HP: 13/24 MP: 2/2
   543 | D:2      | Gained mutation: You regenerate magic rapidly. [demonic
                  | ancestry]
   543 | D:2      | Reached XP level 3. HP: 17/29 MP: 3/3
  1408 | D:2      | Gained mutation: When hurt, damage is shared between your
                  | health and your magic reserves. [demonic ancestry]
  1408 | D:2      | Reached XP level 4. HP: 35/35 MP: 4/4
  1822 | D:4      | Noticed Sigmund
  1828 | D:4      | Killed Sigmund
  1829 | D:4      | Gained mutation: You have very sharp fingernails. [demonic
                  | ancestry]
  1829 | D:4      | Reached XP level 5. HP: 37/42 MP: 5/5
  1866 | D:4      | Found a transporter.
  1882 | D:4      | Found a transporter.
  1905 | D:4      | Found a one-way gate to the infinite horrors of the Abyss.
  1905 | D:4      | Noticed rvierbuc's ghost (amateur DsCA)
  1925 | D:4      | Gained mutation: When seriously injured, your blood forms
                  | armour. (AC +0) [demonic ancestry]
  1925 | D:4      | Reached XP level 6. HP: 47/48 MP: 6/6
  1970 | D:4      | Reached skill level 1 in Dodging
  2000 | D:5      | Entered Level 5 of the Dungeon
  2042 | D:4      | Noticed Grinder
  2057 | D:4      | Paralysed by Grinder for 2 turns
  2070 | D:4      | Paralysed by Grinder for 3 turns
  2075 | D:4      | Killed Grinder
  2076 | D:4      | Reached skill level 1 in Unarmed Combat
  2076 | D:4      | Reached skill level 1 in Shapeshifting
  2132 | D:4      | Found a sand-covered staircase.
  2141 | Ossuary  | Entered an ossuary
  2186 | Ossuary  | Gained mutation: When seriously injured, your blood forms
                  | thick armour. (AC +0) [demonic ancestry]
  2186 | Ossuary  | Reached XP level 7. HP: 40/54 MP: 7/7
  2238 | Ossuary  | Reached skill level 2 in Unarmed Combat
  2413 | D:4      | Noticed Menkaure
  3650 | D:5      | Reached skill level 3 in Unarmed Combat
  4066 | D:5      | Noticed Prince Ribbit
  4304 | D:5      | Killed Prince Ribbit
  4305 | D:5      | Reached skill level 4 in Unarmed Combat
  4305 | D:5      | Reached XP level 8. HP: 38/60 MP: 6/8
  4887 | D:6      | Reached skill level 5 in Unarmed Combat
  4917 | D:6      | Reached skill level 5 in Armour
  5021 | D:6      | Reached skill level 1 in Throwing
  5311 | D:6      | Found a staircase to the Ecumenical Temple.
  5317 | Temple   | Entered the Ecumenical Temple
  5396 | Temple   | Became a worshipper of the Wu Jian Council
  5745 | D:7      | Reached skill level 6 in Unarmed Combat
  6129 | D:7      | Reached XP level 9. HP: 66/66 MP: 9/9
  6295 | D:7      | Noticed Dowan
  6296 | D:7      | Noticed Duvessa
  6308 | D:7      | Killed Dowan
  6316 | D:7      | Killed Duvessa
  6647 | D:7      | Reached skill level 7 in Unarmed Combat
  6959 | D:7      | Gained mutation: You occasionally shout uncontrollably at
                  | your foes. [potion of mutation]
  6959 | D:7      | Gained mutation: Your mind is acute. (Int +4, Str/Dex -1)
                  | [potion of mutation]
  7170 | D:7      | Found the +7 Throatcutter {drain, coup de grace}
  7170 | D:7      | Noticed a kobold demonologist
  7170 | D:7      | Noticed a kobold demonologist
  7170 | D:7      | Noticed a kobold demonologist
  7170 | D:7      | Noticed a kobold demonologist
  7170 | D:7      | Noticed a kobold demonologist
  7171 | D:7      | Noticed a red devil
  7178 | D:7      | Noticed a rust devil
  7180 | D:7      | Noticed an ice devil
  7181 | D:7      | Noticed a smoke demon
  7185 | D:7      | Noticed a rust devil
  7291 | D:6      | Killed a kobold demonologist
  7292 | D:6      | Reached skill level 5 in Fighting
  7494 | D:6      | Killed a kobold demonologist
  7508 | D:6      | Killed a kobold demonologist
  7527 | D:6      | Noticed a soul eater
  7532 | D:6      | Killed a kobold demonologist
  7533 | D:6      | Reached skill level 8 in Unarmed Combat
  7958 | D:8      | Gained mutation: You may rarely emit foul miasma when
                  | damaged in melee. [demonic ancestry]
  7958 | D:8      | Reached XP level 10. HP: 75/76 MP: 10/10
  8017 | D:8      | Reached * piety under Wu Jian
  8018 | D:8      | Reached skill level 1 in Long Blades
  9029 | D:10     | Entered Level 10 of the Dungeon
 10067 | D:10     | Noticed Urug
 10090 | D:10     | Hit by a javelin thrown by Urug

Illustrated notes

Levels and vault maps discovered:
D:1:      minmay_arrival_open_corners, layout_basic
D:2:      layout_loops_ring
D:3:      minmay_recursive_quarters, layout_loops_cross,
          hangedman_decor_clover_reticule
D:4:      layout_basic, lightli_ossuary_entry_decrepit_ruins,
          gammafunk_ghost_abyssal_escape, grunt_decor_arrowhead,
          nicolae_twisty_statue_hallways, uniq_sigmund, uniq_menkaure,
          uniq_grinder
D:5:      layout_rooms, kennysheep_crisscross, minmay_misc_feat_doors,
          uniq_prince_ribbit1
D:6:      layout_rooms, minmay_temple_entry_fiery
D:7:      layout_loops_ring, kennysheep_small_spiral,
          dilly_guarded_unrand_throatcut, uniq_duvessa
D:8:      layout_gridville
D:9:      layout_rooms, nrook_uturn
D:10:     gammafunk_mikee_crab_dinner, layout_loops_corners,
          kennysheep_orc_monster_closet_entryway, serial_rivers,
          chequers_serial_rivers_micro_d, chequers_serial_rivers_small_b,
          chequers_serial_rivers_room_b, chequers_serial_rivers_small_3,
          chequers_serial_rivers_micro_a, chequers_serial_rivers_marsh,
          uniq_urug, uniq_josephine
Temple:   hellmonk_choose_your_character

Skill      XL: |  1  2  3  4  5  6  7  8  9 10 |
---------------+-------------------------------+-----
Axes           | 2 3 |  3.9
Armour         | 3 4 5 6 7 |  7.1
Shields        | 3 |  3.1
Dodging        | 1 2 |  2.6
Fighting       | 4 5 6 |  6.5
Unarmed Combat | 1 4 6 8 |  8.2
Shapeshifting  | 1 2 3 4 |  4.6
Throwing       | 1 |  1.1
Long Blades    | 4 |  4.1
Stealth        | |  0.3
Evocations     | |  0.8

Action                     |  1- 3 |  4- 6 |  7- 9 | 10-12 || total
---------------------------+-------+-------+-------+-------++-------
  Melee: War axe           |    92 |    45 |       |       ||   137
         Unarmed           |       |    77 |   350 |       ||   427
         Punch             |       |       |     7 |     2 ||     9
         Long sword        |       |       |    12 |   113 ||   125
  Throw: Javelin           |     4 |     3 |    13 |       ||    20
Ability: Lunge             |       |       |     5 |     7 ||    12
         Whirlwind         |       |       |       |    11 ||    11
  Evoke: Wand              |       |     3 |     3 |       ||     6
    Use: Scroll            |     3 |     2 |    14 |       ||    19
         Potion            |       |     1 |    12 |     5 ||    18
 Armour: Scale mail        |    57 |    57 |       |       ||   114
         Chain mail        |       |    50 |   333 |   112 ||   495
         Plate armour      |       |       |       |     7 ||     7
         Skin              |       |       |       |     3 ||     3
  Dodge: Dodged            |    48 |    66 |   157 |    63 ||   334
  Block: Buckler           |    21 |     9 |       |       ||    30
         Other             |       |       |    51 |    32 ||    83
         Reflection        |       |       |     3 |     4 ||     7
   Form: Beast             |       |     1 |       |       ||     1

Table legend: (Time is in decaauts)
 A = Elapsed time spent in this place.
 B = Non-inter-level travel time spent in this place.
 C = Inter-level travel time spent in this place.
 D = Time resting spent in this place.
 E = Time spent auto-exploring this place.
 F = Levels seen in this place.
 G = Mean time per level.
                   A        B        C        D        E       F      G
               +--------+--------+--------+--------+--------+-----+--------+
         Total |  10205 |  10026 |    179 |   2172 |   4027 |  12 |  850.4 |
       Dungeon |   9866 |   9687 |    179 |   2172 |   3977 |  10 |  986.6 |
        Temple |     96 |     96 |      0 |      0 |      0 |   1 |   96.0 |
       Ossuary |    242 |    242 |      0 |      0 |     50 |   1 |  242.0 |
               +--------+--------+--------+--------+--------+-----+--------+

Top non-repeatable levels by time:
     D:7: 1795 daAuts
     D:8: 1364 daAuts
     D:5: 1111 daAuts
     D:6: 1048 daAuts
     D:1: 937 daAuts
     D:4: 927 daAuts
     D:3: 912 daAuts
     D:2: 753 daAuts
     D:9: 729 daAuts
    D:10: 285 daAuts
 Ossuary: 242 daAuts
  Temple: 96 daAuts
